 Dungeon Crawl Stone Soup version 0.26-a0-1139-g7d2dc893a1 (webtiles) character file.

Game seed: 15640827954063362150

12720 vvl the Brawler (level 11, 0/105 HPs)
             Began as a Troll Monk on Dec 22, 2020.
             Was the Champion of Kikubaaqudgha.
             Slain by a large abomination (22 damage)
             ... in a Gauntlet.
             The game lasted 00:50:28 (10108 turns).

vvl the Brawler (Troll Monk)                       Turns: 10108, Time: 00:50:28

Health: 0/105      AC:  9    Str: 24    XL:     11   Next: 66%
Magic:  10/10      EV: 10    Int:  6    God:    Kikubaaqudgha [******]
Gold:   433        SH:  0    Dex: 12    Spells: 10/10 levels left

rFire    + . .     SeeInvis +     - Unarmed
rCold    . . .     Faith    .   (no shield)
rNeg     . . .     Spirit   .   j - +2 robe {rF+}
rPois    +         Reflect  .   a - +1 hat
rElec    .         Harm     .   (no cloak)
rCorr    .         Rampage  .   (gloves unavailable)
Will     .....     NoTele   +   (boots unavailable)
Stlth    ++........             s - amulet of the acrobat
HPRegen  0.67/turn              A - ring of poison resistance
MPRegen  0.12/turn              I - ring of see invisible

@: mighty
A: large, unfitting armour, claws 3, regeneration 1, shaggy fur 1, tough skin 3
a: Renounce Religion, Receive Corpses, Torment, Brand Weapon With Pain, Receive
Necronomicon


You were in a Gauntlet.
You worshipped Kikubaaqudgha.
Kikubaaqudgha was exalted by your worship.
You visited 1 branch of the dungeon, and saw 12 of its levels.
You also visited: Bailey and Gauntlet.

You collected 578 gold pieces.
You spent 145 gold pieces at shops.

Inventory:

Hand Weapons
 e - a +0 short sword of draining
 i - a +4 scythe of protection
 v - a +0 whip
 N - a +1 whip of electrocution
 R - a +1 mace of holy wrath
 S - a +1 mace of draining
 T - a +3 short sword
 U - a +2 dagger of electrocution
 V - a +2 vorpal hand axe
 X - a +1 short sword of venom
 Y - a +1 scythe of holy wrath
Missiles
 W - 4 large rocks (quivered)
Armour
 a - a +1 hat (worn)
 d - a +0 kite shield
 j - a +2 robe of fire resistance (worn)
 y - a +2 pair of gloves
 Z - a +0 troll leather armour
Magical Staves
 u - an uncursed staff of air
 O - an uncursed staff of poison
Jewellery
 s - an amulet of the acrobat (around neck)
 x - an uncursed ring of resist corrosion
 A - a ring of poison resistance (left claw)
 E - an uncursed ring of positive energy
 I - a ring of see invisible (right claw)
Wands
 m - a wand of flame (12)
 G - a wand of random effects (13)
 P - a wand of acid (7)
Scrolls
 b - 10 scrolls of teleportation
 f - 4 scrolls of fear
 g - 8 scrolls of remove curse
 k - 2 scrolls of noise
 l - 2 scrolls of enchant weapon
 n - 2 scrolls of identify
 q - 2 scrolls of blinking
 r - 3 scrolls of fog
 t - a scroll of immolation {unknown}
 z - 2 scrolls of amnesia {unknown}
 F - 2 scrolls of magic mapping
 Q - a scroll of acquirement {unknown}
Potions
 c - 2 potions of cancellation
 h - 5 potions of brilliance
 o - a potion of invisibility {unknown}
 p - 2 potions of haste
 w - a potion of resistance {unknown}
 B - a potion of might
 C - 3 potions of flight {unknown}
 D - a potion of berserk rage {unknown}
 H - 2 potions of degeneration {unknown}
 J - 3 potions of attraction {unknown}
 K - 2 potions of ambrosia {unknown}
 L - a potion of heal wounds {unknown}


   Skills:
 + Level 6.0 Fighting
 - Level 2.4 Dodging
 - Level 1.0 Stealth
 + Level 15.7 Unarmed Combat
 + Level 5.2 Necromancy


You had 10 spell levels left.
You didn't know any spells.
Your spell library contained the following spells:

 Spells                   Type           Power        Failure   Level
 Animate Skeleton         Necr           12%          6%          1
 Pain                     Necr           24%          6%          1
 Sublimation of Blood     Necr           3%           9%          2
 Vampiric Draining        Necr           3%           17%         3
 Apportation              Tloc           0%           45%         1
 Corona                   Hex            0%           45%         1
 Summon Small Mammal      Summ           0%           45%         1
 Dispel Undead            Necr           6%           50%         4
 Ensorcelled Hibernation  Hex/Ice        0%           58%         2
 Confusing Touch          Hex            0%           83%         3
 Dazzling Flash           Conj/Hex       0%           83%         3
 Tukima's Dance           Hex            0%           83%         3
 Agony                    Necr           6%           85%         5
 Excruciating Wounds      Necr           3%           85%         5
 Death Channel            Necr           3%           100%        6
 Simulacrum               Ice/Necr       1%           100%        6


Dungeon Overview and Level Annotations

Branches:
Dungeon (12/15)              Lair (0/6) D:8             Orc (0/2) D:10
 Bailey (visited)         Gauntlet (1/1)
 Temple: D:4-7

Altars:
Cheibriados
Elyvilon
Fedhas
Kikubaaqudgha
Okawaru
Qazlal
Ru
Zin

Shops:
D:10 ?:   D:12 [

Annotations:
Gauntlet 3 transporters


Innate Abilities, Weirdness & Mutations

You are too large for most types of armour.
You have claws for hands.
Your natural rate of healing is unusually fast.
You are covered in fur. (AC +1)
You have extremely tough skin. (AC +3)


Message History

You feel better. The small abomination hits you!!
* * * LOW HITPOINT WARNING * * *
You barely miss the small abomination.
The small abomination is moderately damaged.
You mangle the small abomination!!
The small abomination is almost destroyed.
The small abomination hits you but does no damage.
You eviscerate the small abomination!!!
You destroy the small abomination!
Kikubaaqudgha accepts your kill.
You mangle the large abomination!!
The large abomination is severely damaged.
The large abomination barely misses you.
You claw the large abomination!
The large abomination is almost destroyed.
You barely miss the large abomination.
The large abomination is almost destroyed.
The large abomination hits you!!
You die...
Kikubaaqudgha rasps: "You have failed me!
Welcome... death!"

# ## ### #
##≈###≈###≈## ≈##
≈≈≈#≈≈≈#≈≈≈#≈≈≈#
#≈...∩...∩...≈#
##...........##
##≈.....©.....≈#
#≈≈.#########.≈≈#
#≈.#.....###.≈##
##.#@###.# #.##
##≈.#X##.x#.#.≈#
#≈≈.#x..©...#.≈≈#
##≈.#.#..##.#.≈##
##.###[## .##
#≈.# #.© #≈≈.#
#### ##≈.#8..©#.
##.#©...#.8


You could see a large abomination and a small abomination.

Vanquished Creatures
  A two-headed ogre (D:12)
  Sonja (D:11)
  A wizard (D:12)
  Pikel (D:9)
  A cyclops (D:11)
  A manticore (D:8)
  Psyche (D:12)
  The ghost of vvl the Ruffian, an amateur TrMo of Kikubaaqudgha (D:7)
  3 trolls
  A hornet (D:10)
  A harpy skeleton (D:10)
  Sigmund (D:2)
  6 yaks
  A wyvern (D:12)
  Grum (D:11)
  5 water moccasins
  12 orc warriors
  An eye of draining (D:12)
  A necrophage (D:10)
  7 sky beasts
  3 phantoms
  2 black bears (D:8)
  2 wolves (D:11)
  4 ogres
  5 centaurs
  3 big kobolds
  2 small abominations (Gauntlet)
  Blork the orc (D:6)
  6 bullfrogs
  4 scorpions
  A water moccasin skeleton (D:3)
  3 wights (D:8)
  4 howler monkeys
  2 bullfrog zombies
  2 quasits
  2 jellies
  A centaur zombie (D:7)
  8 hounds
  9 orc priests
  14 orc wizards
  3 iguanas
  6 worker ants
  Natasha (thrice) (D:2)
  2 worker ant zombies
  7 gnolls (D:5)
  13 adders
  3 shadow imps
  3 ufetubi
  2 oozes
  An adder zombie (D:5)
  2 adder skeletons
  2 worms (D:2)
  2 dart slugs
  2 leopard geckos
  55 orcs
  4 bats
  6 giant cockroaches
  9 hobgoblins
  9 jackals
  5 quokkas
  A ball python (D:3)
  7 frilled lizards
  6 goblins
  14 kobolds
  4 rats
297 creatures vanquished.

Vanquished Creatures (others)
  24 fungi
  33 plants
  4 withered plants (D:4)
61 creatures vanquished.

Grand Total: 358 creatures vanquished

Notes
Turn   | Place    | Note
-------+----------+-------------------------------------------
     0 | D:1      | vvl the Troll Monk began the quest for the Orb.
     0 | D:1      | Reached XP level 1. HP: 22/22 MP: 0/0
   117 | D:1      | Reached XP level 2. HP: 29/29 MP: 1/1
   387 | D:1      | Reached skill level 4 in Unarmed Combat
   640 | D:2      | Reached XP level 3. HP: 36/36 MP: 2/2
   656 | D:2      | Noticed Sigmund
   670 | D:2      | Killed Sigmund
   671 | D:2      | Reached skill level 6 in Unarmed Combat
   671 | D:2      | Reached XP level 4. HP: 12/44 MP: 3/3
   671 | D:2      | Reached XP level 5. HP: 14/50 MP: 4/4
   834 | D:2      | Noticed Natasha
   837 | D:2      | Killed Natasha
   874 | D:2      | Found a sacrificial altar of Ru.
   940 | D:2      | Found a snail-covered altar of Cheibriados.
  1026 | D:2      | Noticed Natasha
  1036 | D:2      | Killed Natasha
  1037 | D:2      | Reached XP level 6. HP: 52/59 MP: 5/5
  1054 | D:2      | Noticed Natasha
  1059 | D:2      | Killed Natasha
  1118 | D:2      | Reached skill level 7 in Unarmed Combat
  1445 | D:3      | Found a blossoming altar of Fedhas.
  1721 | D:3      | Found an iron altar of Okawaru.
  1873 | D:3      | Found a stormy altar of Qazlal.
  2248 | D:4      | Reached skill level 8 in Unarmed Combat
  2248 | D:4      | Reached XP level 7. HP: 35/66 MP: 6/6
  2370 | D:4      | Found an ancient bone altar of Kikubaaqudgha.
  2485 | D:4      | Became a worshipper of Kikubaaqudgha
  2485 | D:4      | Reached * piety under Kikubaaqudgha
  2485 | D:4      | Identified Kikubaaqudgha's Handbook of Evil Rites
                  | (Kikubaaqudgha gifted it to you on level 4 of the Dungeon)
  2485 | D:4      | Received a gift from Kikubaaqudgha
  2485 | D:4      | Reached ** piety under Kikubaaqudgha
  2922 | D:5      | Entered Level 5 of the Dungeon
  2952 | D:5      | Reached skill level 9 in Unarmed Combat
  3226 | D:5      | Found a white marble altar of Elyvilon.
  3305 | D:5      | Reached XP level 8. HP: 60/74 MP: 7/7
  3318 | D:5      | Reached skill level 10 in Unarmed Combat
  3597 | D:6      | Noticed Blork the orc
  3602 | D:6      | Killed Blork the orc
  3605 | D:6      | Reached *** piety under Kikubaaqudgha
  3605 | D:6      | Identified Kikubaaqudgha's Grimoire of Darkness
                  | (Kikubaaqudgha gifted it to you on level 6 of the Dungeon)
  3605 | D:6      | Received a gift from Kikubaaqudgha
  3662 | D:6      | Reached skill level 11 in Unarmed Combat
  4379 | D:7      | Reached skill level 12 in Unarmed Combat
  4379 | D:7      | Reached XP level 9. HP: 79/80 MP: 8/8
  4861 | D:7      | Found a runed translucent door.
  4861 | D:7      | Noticed vvl's ghost (amateur TrMo)
  5261 | D:7      | Killed vvl's ghost
  5378 | D:8      | Reached skill level 13 in Unarmed Combat
  5458 | D:8      | Noticed a manticore
  5467 | D:8      | Killed a manticore
  5627 | D:8      | Reached skill level 14 in Unarmed Combat
  5640 | D:8      | Reached XP level 10. HP: 75/88 MP: 9/9
  5655 | D:8      | Found a staircase to the Lair.
  5698 | D:8      | Reached **** piety under Kikubaaqudgha
  5720 | D:8      | Found a flagged portal.
  5735 | Bailey   | Entered a bailey
  5999 | Bailey   | HP: 4/88 [orc/+0 halberd (13)]
  7074 | D:9      | Reached skill level 1 in Necromancy
  7168 | D:9      | Noticed Pikel
  7182 | D:9      | Killed Pikel
  7292 | D:9      | Reached ***** piety under Kikubaaqudgha
  7501 | D:10     | Entered Level 10 of the Dungeon
  7606 | D:10     | Reached skill level 15 in Unarmed Combat
  7627 | D:10     | Found a staircase to the Orcish Mines.
  8090 | D:10     | Found Waomopnue's Magic Scroll Shoppe.
  8148 | D:10     | Bought a scroll of blinking for 75 gold pieces
  8148 | D:10     | Bought a scroll of teleportation for 30 gold pieces
  8148 | D:10     | Bought a scroll of identify for 20 gold pieces
  8148 | D:10     | Bought a scroll of identify for 20 gold pieces
  8148 | D:10     | Found Eback's Book Boutique.
  8564 | D:11     | Reached XP level 11. HP: 101/101 MP: 10/10
  8696 | D:11     | Noticed Grum
  8706 | D:11     | Killed Grum
  8768 | D:11     | Noticed Sonja
  8905 | D:11     | Killed Sonja
  8998 | D:11     | Reached skill level 5 in Fighting
  9275 | D:11     | Found an iron altar of Okawaru.
  9714 | D:12     | Noticed a two-headed ogre
  9722 | D:12     | Killed a two-headed ogre
  9808 | D:12     | Noticed Psyche
  9811 | D:12     | Killed Psyche
  9914 | D:12     | Found Buotso Unof's Armour Shoppe.
  9919 | D:12     | Noticed a wizard
  9927 | D:12     | Killed a wizard
  9948 | D:12     | Found a glowing silver altar of Zin.
  9962 | D:12     | Found a gate leading to a gauntlet.
 10003 | D:12     | Reached skill level 5 in Necromancy
 10011 | D:12     | Reached ****** piety under Kikubaaqudgha
 10082 | Gauntlet | Entered a Gauntlet
 10082 | Gauntlet | Found a transporter.
 10085 | Gauntlet | Found a transporter.
 10090 | Gauntlet | Found a transporter.
 10090 | Gauntlet | Found a transporter.
 10108 | Gauntlet | Slain by a large abomination

Illustrated notes

Levels and vault maps discovered:
D:1:      lightli_iron_boxes, layout_loops_ring
D:2:      layout_basic, old_standard_altar, nicolae_overflow_crystal_walls,
          uniq_sigmund, uniq_natasha
D:3:      layout_loops_ring, lemuel_crystal_altar,
          grunt_temple_overflow_forces_of_nature, serial_glass, glass_columns_c,
          glass_columns_a
D:4:      layout_layer_cave, kiku_gazebo_garden_becter
D:5:      layout_rooms, elyvilon_altar_4, minmay_temple_entry_from_below_a
D:6:      layout_basic, uniq_blork_the_orc
D:7:      layout_gridville, ebering_ghost_reflecting_pool
D:8:      layout_gridville, due_lair_maze_entry_diamond, enter_bailey_4
D:9:      layout_loops_ring, feat_on_display, uniq_pikel
D:10:     layout_stronghold, hiddenorc2_lemuel, serial_shops, shop,
          shop_fountains
D:11:     layout_irregular_city, basic_altar, minmay_increasing_density,
          uniq_sonja, uniq_grum
D:12:     layout_long_grid, gauntlet_entry_generic, serial_shops, shop,
          lemuel_statue_altar, uniq_psyche
Gauntlet: gammafunk_gauntlet_77_escape_option
          [minmay_gauntlet_arena_77_p_blocks,
          minmay_gauntlet_arena_77_tiled_triplets,
          minmay_gauntlet_arena_77_museum, minmay_gauntlet_arena_77_block_sizes,
          minmay_gauntlet_arena_77_braids, gauntlet_exit_green]

Skill      XL: |  1  2  3  4  5  6  7  8  9 10 11 |
---------------+----------------------------------+-----
Unarmed Combat | 4 6 8 9 12 14 15 | 15.7
Necromancy     | 3 5 |  5.2
Fighting       | 4 6 |  6.0
Dodging        | |  2.4
Stealth        | |  1.0

Action                   |  1- 3 |  4- 6 |  7- 9 | 10-12 || total
-------------------------+-------+-------+-------+-------++-------
Melee: Unarmed           |    60 |    94 |   267 |   365 ||   786
       Punch             |       |     2 |    10 |    24 ||    36
Throw: Large rock        |       |       |       |     2 ||     2
Evoke: Wand              |       |       |       |    13 ||    13
  Use: Scroll            |       |       |     6 |     4 ||    10
       Potion            |       |       |       |     7 ||     7
 Stab: Sleeping          |     2 |     3 |     4 |     3 ||    12
       Distracted        |       |       |       |     1 ||     1
Armor: Robe              |    27 |    23 |    88 |   115 ||   253
Dodge: Dodged            |    30 |    35 |   110 |   317 ||   492

Table legend: (Time is in decaauts)
 A = Elapsed time spent in this place.
 B = Non-inter-level travel time spent in this place.
 C = Inter-level travel time spent in this place.
 D = Time resting spent in this place.
 E = Time spent auto-exploring this place.
 F = Levels seen in this place.
 G = Mean time per level.
                   A        B        C        D        E       F      G
               +--------+--------+--------+--------+--------+-----+--------+
         Total |   9927 |   9261 |    666 |    563 |   6655 |  14 |  709.1 |
       Dungeon |   9270 |   8604 |    666 |    435 |   6555 |  12 |  772.5 |
        Bailey |    636 |    636 |      0 |    128 |    100 |   1 |  636.0 |
      Gauntlet |     21 |     21 |      0 |      0 |      0 |   1 |   21.0 |
               +--------+--------+--------+--------+--------+-----+--------+

Top non-repeatable levels by time:
     D:7: 1269 daAuts
    D:11: 1155 daAuts
    D:10: 957 daAuts
     D:4: 935 daAuts
     D:2: 806 daAuts
     D:8: 801 daAuts
  Bailey: 636 daAuts
     D:9: 634 daAuts
     D:1: 626 daAuts
     D:5: 575 daAuts
     D:6: 557 daAuts
     D:3: 533 daAuts
    D:12: 419 daAuts
Gauntlet: 21 daAuts
